AoeStats
← 口古口古嘎嘎

Arena

510305496Analyzed
4v4 RM · 2d ago on Sep 30, 2026· 43m 37s· 8 players
Game mode
Random Map
Map size
Large (8 player)
Population
200
Speed
Normal
Resources
Standard
Victory
Conquest
Starting age
Dark Age
Ending age
Imperial Age
RankedLock teamsTeams togetherTeam positionsShared explorationLock speedFull tech treeHidden civsTurbo modeCheats
Victory
Defeat
🇨🇳 Turks · China
1755
+10
🇨🇳 Bohemians · China
1743
+10
🇦🇺 Cumans · Australia
1665
+13
🇪🇸 Ethiopians · Spain
1588
+17
🇨🇳 Slavs · China
1874
-22
🇨🇳 Bengalis · China
1615
-12
🇨🇳 Byzantines · China
1567
-11
🇯🇵 Tatars · Japan
1357
-17
口古口古嘎嘎
10:43 Feudal Age
9:12 Loom
10:58 Feudal Age
12:18 Double-Bit Axe
15:15 Castle Age
14:17 Double-Bit Axe
16:57 Bow Saw
21:13 Horse Collar
27:56 Wheelbarrow
30:54 Fervor
31:05 Sanctity
33:43 Imperial Age
31:17 Heavy Plow
32:18 Hand Cart
32:23 Padded Archer Armor
33:41 Chemistry
33:59 Wagenburg Tactics
35:20 Leather Archer Armor
35:28 Conscription
36:05 Siege Engineers
36:25 Houfnice
38:38 Light Cavalry
39:19 Husbandry
39:27 Scale Barding Armor
39:33 Forging
40:47 Pikeman
41:27 Squires
41:30 Scale Mail Armor
42:06 Iron Casting
41:19 Town Watch
41:44 Halberdier
42:44 Chain Mail Armor
tim.13
10:04 Feudal Age
14:00 Castle Age
12:22 Double-Bit Axe
15:13 Wheelbarrow
15:40 Bow Saw
22:16 Scale Barding Armor
22:11 Gold Mining
23:03 Bloodlines
24:21 Chain Barding Armor
25:24 Husbandry
31:53 Imperial Age
29:09 Loom
30:27 Gold Shaft Mining
29:43 Stone Mining
31:26 Forging
31:47 Hand Cart
31:17 Town Watch
31:56 Heavy Camel Rider
33:33 Plate Barding Armor
34:14 Ballistics
35:21 Padded Archer Armor
36:01 Conscription
36:26 Elite Janissary
37:22 Leather Archer Armor
38:33 Two-Man Saw
38:54 Ring Archer Armor
40:17 Artillery
ResonanceFreq
8:01 Feudal Age
8:32 Double-Bit Axe
9:48 Horse Collar
14:03 Wheelbarrow
19:03 Castle Age
17:28 Gold Mining
19:24 Scale Barding Armor
20:09 Bow Saw
19:59 Heavy Plow
21:22 Hand Cart
21:38 Forging
21:58 Bloodlines
24:19 Gold Shaft Mining
25:45 Iron Casting
30:20 Imperial Age
29:54 Loom
29:55 Town Watch
30:31 Chain Barding Armor
32:25 Two-Man Saw
31:57 Crop Rotation
31:17 Stone Mining
30:58 Elite Steppe Lancer
32:14 Plate Barding Armor
32:39 Blast Furnace
32:01 Conscription
31:43 Steppe Husbandry
37:44 Fletching
38:15 Ballistics
38:38 Bodkin Arrow
AutoClickerv3
10:55 Feudal Age
11:53 Double-Bit Axe
14:18 Castle Age
12:17 Horse Collar
15:28 Bow Saw
16:25 Heavy Plow
22:52 Wheelbarrow
23:31 Town Watch
24:08 Hand Cart
23:41 Loom
24:52 Masonry
24:45 Scale Mail Armor
24:55 Forging
26:06 Squires
25:51 Arson
26:46 Town Patrol
27:06 Chain Mail Armor
27:26 Iron Casting
27:26 Ballistics
27:25 Gold Mining
27:28 Stone Mining
31:04 Imperial Age
28:50 Fletching
29:16 Fortified Wall
29:01 Murder Holes
29:53 Bodkin Arrow
30:39 Gold Shaft Mining
31:46 Torsion Engines
32:06 Conscription
31:47 Royal Heirs
33:05 Two-Man Saw
32:16 Caravan
31:43 Capped Ram
32:06 Heavy Scorpion
33:50 Plate Mail Armor
34:29 Blast Furnace
34:06 Siege Engineers
35:02 Chemistry
34:06 Halberdier
35:42 Siege Ram
37:23 Bracer
37:55 Architecture
37:17 Guard Tower
38:19 Padded Archer Armor
38:26 Scale Barding Armor
40:21 Keep
40:04 Leather Archer Armor
40:11 Chain Barding Armor
40:23 Coinage
40:20 Guilds
43:01 Stone Shaft Mining
43:05 Ring Archer Armor
43:07 Banking
43:36 Elite Shotel Warrior
43:46 Sappers
爱种田的太奶
5:45 Loom
8:21 Feudal Age
8:54 Double-Bit Axe
10:57 Town Watch
11:12 Fletching
20:26 Castle Age
18:56 Horse Collar
19:29 Gold Mining
21:29 Bow Saw
22:12 Sanctity
23:16 Redemption
28:53 Wheelbarrow
32:50 Imperial Age
31:35 Hand Cart
32:50 Scale Mail Armor
33:36 Herbal Medicine
34:18 Theocracy
34:09 Illumination
34:00 Block Printing
33:20 Man-at-Arms
34:02 Squires
34:18 Chain Mail Armor
34:04 Long Swordsman
34:59 Forging
35:00 Two-Handed Swordsman
37:57 Plate Mail Armor
38:02 Iron Casting
37:38 Pikeman
39:50 Heavy Plow
40:30 Siege Engineers
41:53 Crop Rotation
42:26 Two-Man Saw
43:08 Halberdier
Hotaru猪
10:03 Feudal Age
13:54 Castle Age
11:47 Double-Bit Axe
12:14 Horse Collar
15:15 Bow Saw
18:04 Wheelbarrow
23:17 Hand Cart
23:08 Husbandry
23:57 Husbandry
25:02 Scale Barding Armor
25:06 Loom
25:39 Gold Mining
26:35 Forging
29:04 Imperial Age
26:48 Heavy Plow
27:27 Chain Barding Armor
28:35 Iron Casting
28:38 Stone Mining
29:09 Heavy Camel Rider
30:53 Plate Barding Armor
30:16 Capped Ram
31:27 Elite Cataphract
32:32 Conscription
33:00 Gold Shaft Mining
33:52 Logistica
34:39 Pikeman
35:20 Squires
35:21 Scale Mail Armor
37:02 Chain Mail Armor
36:35 Halberdier
39:23 Plate Mail Armor
42:23 Siege Ram
42:52 Light Cavalry
灰色的鱼
8:28 Loom
11:29 Feudal Age
12:52 Horse Collar
13:05 Double-Bit Axe
13:03 Horse Collar
13:26 Horse Collar
16:01 Castle Age
16:20 Light Cavalry
18:29 Bow Saw
21:48 Wheelbarrow
21:23 Heavy Plow
23:44 Hand Cart
23:33 Gold Mining
24:16 Bloodlines
25:01 Scale Barding Armor
25:06 Forging
25:39 Loom
25:40 Town Watch
25:42 Loom
27:07 Gold Shaft Mining
28:55 Husbandry
29:40 Stone Mining
31:48 Chain Barding Armor
32:03 Iron Casting
32:27 Iron Casting
34:25 Imperial Age
32:29 Paiks
33:34 Fletching
34:29 Elite Battle Elephant
36:37 Conscription
37:20 Blast Furnace
42:30 Plate Barding Armor
41:50 Bodkin Arrow
43:15 Padded Archer Armor
44:07 Mahayana
Form 1040
10:30 Feudal Age
12:14 Double-Bit Axe
14:57 Castle Age
13:29 Fletching
13:27 Horse Collar
15:35 Bodkin Arrow
16:11 Bow Saw
18:33 Wheelbarrow
25:11 Gold Mining
26:06 Hand Cart
27:22 Gold Shaft Mining
28:16 Loom
31:08 Imperial Age
29:25 Ballistics
29:15 Clinker Construction
29:56 Heavy Plow
30:13 Bloodlines
30:03 Husbandry
31:10 Heavy Cavalry Archer
31:51 Bracer
33:16 Chemistry
32:27 Silk Armor
32:30 Padded Archer Armor
33:52 Leather Archer Armor
35:24 Ring Archer Armor
36:18 Conscription
35:31 Capped Ram
40:36 Scale Barding Armor
40:42 Forging
40:33 Light Cavalry
41:27 Hussar
42:28 Chain Barding Armor
Connection lost

Rejoining the realm…

Still unreachable

The connection could not be restored.

Session expired

The server has moved on; the page needs a fresh start.